[Event "Titled Tuesday Blitz June 20 Early 2023"]
[White "Postny, Evgeny"]
[Black "Kozak, Adam"]
[WhiteFideId "2804344"]
[BlackFideId "753246"]
[WhiteElo "2504"]
[BlackElo "2469"]
[Result "0-1"]
[Round "3"]
[TimeControl "180+2"]
[Date "2023.06.20"]
[WhiteClock "0:00:00"]
[BlackClock "0:00:18"]
[Board "22"]

1. e4 e5 2. Nf3 Nc6 3. Bb5 a6 4. Ba4 Nf6 5. O-O Be7 6. Re1 b5 7. Bb3 d6 8. c3 O-O 9. h3 Na5 10. Bc2 c5 11. d4 Qc7 12. Nbd2 Nc6 13. d5 Nd8 14. a4 Rb8 15. axb5 axb5 16. b4 Ne8 17. bxc5 dxc5 18. c4 b4 19. Ba4 f6 20. Bxe8 Rxe8 21. Nb3 Bd6 22. Be3 Bd7 23. Re2 Nf7 24. Ne1 f5 25. exf5 Bxf5 26. Rea2 e4 27. Ra7 Qc8 28. R1a6 Rb7 29. Qa1 Rxa7 30. Rxa7 Ne5 31. Na5 Bd7 32. Nb7 Bf8 33. d6 Nxc4 34. Nxc5 Ne5 35. Nxd7 Nxd7 36. Qa2+ Kh8 37. Qf7 Rd8 38. Rc7 Ne5 39. Rxc8 Nxf7 40. Rxd8 Nxd8 41. d7 b3 42. Bd4 Be7 43. f3 Bf6 0-1


[Site "https://www.chess.com"]

[Event "Titled Tuesday Blitz June 20 Early 2023"]
[White "Shimanov, Aleksandr"]
[Black "Begmuratov, Alisher"]
[WhiteFideId "4198603"]
[BlackFideId "14203367"]
[WhiteElo "2631"]
[BlackElo "2387"]
[Result "1-0"]
[Round "3"]
[TimeControl "180+2"]
[Date "2023.06.20"]
[WhiteClock "0:00:15"]
[BlackClock "0:00:04"]
[Board "23"]

1. Nc3 c5 2. e4 Nc6 3. Nf3 g6 4. d4 cxd4 5. Nxd4 Bg7 6. Nxc6 bxc6 7. Bc4 d6 8. O-O Nf6 9. Bg5 O-O 10. Qd2 Rb8 11. Bb3 Ba6 12. Rfe1 Qc7 13. Rad1 Rfe8 14. h3 Nd7 15. Qf4 Ne5 16. Qh4 Nc4 17. Bc1 e5 18. Bxc4 Bxc4 19. b3 Be6 20. Rd3 Rbd8 21. Bg5 Rd7 22. Bf6 Bxf6 23. Qxf6 Qd8 24. Qxd8 Rexd8 25. Na4 f5 26. f3 c5 27. Red1 Kf7 28. Kf2 Ke7 29. R3d2 c4 30. b4 Rb8 31. a3 a5 32. bxa5 Rb5 33. Nc3 Rxa5 34. a4 Ra6 35. Rb1 Raa7 36. Rb6 Rab7 37. Rb5 Rxb5 38. axb5 Ra7 39. Rd1 Ra3 40. Ne2 Ra2 41. Rc1 Rb2 42. Nc3 Kd7 43. Ke3 Kc7 44. Kd2 Kb6 45. Ra1 Rb4 46. Ra6+ Kc7 47. Ra7+ Kb6 48. Rxh7 fxe4 49. fxe4 d5 50. exd5 Bf5 51. g4 Bc8 52. Rg7 Kc5 53. Rc7+ Kd4 54. Rxc8 e4 55. Re8 Rb2 56. Rxe4+ Kc5 57. Re6 Kd4 58. d6 Kc5 59. d7 g5 60. d8=Q Kb4 61. Qd6+ 1-0


[Site "https://www.chess.com"]

[Event "Titled Tuesday Blitz June 20 Early 2023"]
[White "Kucuksari, Kaan"]
[Black "Durarbayli, Vasif"]
[WhiteFideId "6380166"]
[BlackFideId "13402935"]
[WhiteElo "2364"]
[BlackElo "2551"]
[Result "0-1"]
[Round "3"]
[TimeControl "180+2"]
[Date "2023.06.20"]
[WhiteClock "0:00:00"]
[BlackClock "0:00:08"]
[Board "24"]

1. d4 Nf6 2. Nf3 d5 3. Bf4 e6 4. e3 c5 5. c3 Nc6 6. Bd3 Qb6 7. Qc2 Bd7 8. O-O Rc8 9. a3 c4 10. Be2 Nh5 11. Nbd2 Nxf4 12. exf4 Bd6 13. Ne5 f6 14. Bh5+ g6 15. Bxg6+ Ke7 16. Nxd7 Kxd7 17. Bh5 Bxf4 18. Rfe1 Rcf8 19. Re2 Nd8 20. Rb1 Qc7 21. b3 cxb3 22. Rxb3 Bxh2+ 23. Kh1 Bf4 24. Nf3 Rhg8 25. Rb4 Bd6 26. Rb1 Rg7 27. Rbe1 Kc8 28. Rb1 Kb8 29. g3 e5 30. dxe5 fxe5 31. Kg2 Re7 32. Nh4 e4 33. Bg4 Bc5 34. Kh3 Nc6 35. Nf5 Ref7 36. c4 Rxf5 37. Bxf5 Rxf5 38. cxd5 Rxd5 39. Qxe4 Qd7+ 40. Kg2 Re5 41. Qf3 Rf5 42. Qe4 Re5 43. Qc4 Rxe2 44. Qxe2 Qd5+ 45. Qf3 Qxf3+ 46. Kxf3 Bxa3 47. Rh1 b5 48. Rxh7 b4 49. Rh5 Kc7 50. Ke4 b3 51. Kd3 Bc1 52. Rb5 b2 53. Kc2 Nd4+ 0-1


[Site "https://www.chess.com"]

[Event "Titled Tuesday Blitz June 20 Early 2023"]
[White "Aravindh, Chithambaram VR."]
[Black "Goryachkina, Aleksandra"]
[WhiteFideId "5072786"]
[BlackFideId "4147103"]
[WhiteElo "2596"]
[BlackElo "2471"]
[Result "1/2-1/2"]
[Round "3"]
[TimeControl "180+2"]
[Date "2023.06.20"]
[WhiteClock "0:00:04"]
[BlackClock "0:00:04"]
[Board "25"]

1. g3 d5 2. Bg2 Nf6 3. Nf3 e6 4. O-O Be7 5. b3 O-O 6. c4 d4 7. e3 c5 8. exd4 cxd4 9. d3 Nc6 10. Re1 Re8 11. a3 a5 12. Ra2 Nd7 13. Bf4 Nc5 14. Rb2 Bd7 15. Ne5 Bf6 16. Nxd7 Qxd7 17. Rbe2 h6 18. Qc2 Be7 19. Bc1 Bf8 20. Nd2 Rac8 21. Qb1 b6 22. Nf3 g6 23. h4 Bg7 24. Bf4 Re7 25. Bd2 Rce8 26. b4 axb4 27. axb4 Na4 28. b5 Nb8 29. Ne5 Qc7 30. Qc2 Nc5 31. Nc6 Nxc6 32. Bxc6 Rd8 33. Bb4 Qd6 34. Ra1 Kh8 35. Bf3 e5 36. Bd5 f5 37. Ra6 Rde8 38. Qd1 e4 39. Ra8 Rxa8 40. Bxa8 exd3 41. Rxe7 Qxe7 42. Bxc5 Qxc5 43. Qxd3 Qe5 44. Bd5 h5 45. Kg2 Kh7 46. Qf3 Qd6 47. Qd3 Qc5 48. Bf3 Qb4 49. Bd5 Qc5 50. Qe2 Qd6 51. Qe8 Qe5 52. Qg8+ Kh6 53. Qd8 Qf6 54. Qd7 d3 55. Bf3 Qd4 56. Qe6 d2 57. Qe2 Qd6 58. Qe3+ Kh7 59. Qe2 Qd4 60. Kg1 Kh8 61. Kg2 Kh7 62. Kh2 Kh6 63. Kg2 Kh7 1/2-1/2


[Site "https://www.chess.com"]

[Event "Titled Tuesday Blitz June 20 Early 2023"]
[White "Sanal, Vahap"]
[Black "Nagare Kaivalya Sandip"]
[WhiteFideId "6300545"]
[BlackFideId "25957929"]
[WhiteElo "2606"]
[BlackElo "2024"]
[Result "0-1"]
[Round "3"]
[TimeControl "180+2"]
[Date "2023.06.20"]
[WhiteClock "0:00:09"]
[BlackClock "0:00:24"]
[Board "26"]

1. e4 c5 2. Nc3 d6 3. Bb5+ Nd7 4. d4 cxd4 5. Qxd4 Nf6 6. Bg5 e6 7. O-O-O Be7 8. Bxf6 gxf6 9. f4 a6 10. Bxd7+ Bxd7 11. Nf3 Rc8 12. Kb1 Qc7 13. Qd2 b5 14. Nd4 O-O 15. f5 Kh8 16. g4 b4 17. Nce2 e5 18. Nf3 Rg8 19. h3 a5 20. Ng3 a4 21. Rh2 b3 22. cxb3 axb3 23. axb3 Qa7 24. Qf2 Qa6 25. Ne2 Ra8 26. Nc3 Rgc8 27. Qe2 Qa1+ 28. Kc2 Rxc3+ 29. bxc3 Qa2+ 30. Kc1 Qxb3 31. Qb2 Qc4 32. Re2 d5 33. Kb1 Ba3 34. Qa2 Rb8+ 35. Ka1 Qxc3+ 0-1


[Site "https://www.chess.com"]

[Event "Titled Tuesday Blitz June 20 Early 2023"]
[White "Arabidze, Meri"]
[Black "Zhigalko, Sergei"]
[WhiteFideId "13604040"]
[BlackFideId "13502956"]
[WhiteElo "2405"]
[BlackElo "2626"]
[Result "0-1"]
[Round "3"]
[TimeControl "180+2"]
[Date "2023.06.20"]
[WhiteClock "0:00:00"]
[BlackClock "0:00:04"]
[Board "27"]

1. d4 Nf6 2. Nf3 e6 3. g3 b5 4. e3 a6 5. Bg2 Bb7 6. O-O Be7 7. b3 O-O 8. c4 d6 9. Nc3 b4 10. Na4 a5 11. a3 Nbd7 12. axb4 axb4 13. Bb2 Qb8 14. Nh4 Re8 15. d5 Bf8 16. e4 c5 17. Re1 Qc7 18. f4 e5 19. Qf3 g6 20. fxe5 dxe5 21. Rf1 Bg7 22. Bh3 Rf8 23. Qe3 Bc8 24. Kg2 Ra5 25. Rf2 Ne8 26. Raf1 Nd6 27. Nf3 Nxc4 28. bxc4 Rxa4 29. Rd2 Qd6 30. Qg5 f6 31. Qe3 Nb6 32. Bxc8 Rxc8 33. Qd3 Bh6 34. Rc2 Rca8 35. h3 Ra2 36. Nh2 Bg7 37. Ng4 h5 38. Ne3 Bh6 39. Rcf2 Rf8 40. g4 Bxe3 41. Qxe3 g5 42. Qd3 h4 43. Bc1 Rxf2+ 44. Rxf2 Na4 45. Rf5 Rb8 46. Bxg5 fxg5 47. Rxg5+ Kh7 48. Rh5+ Kg7 49. Rg5+ Kh6 50. Rh5+ Kg6 51. Qe3 Qf6 52. Rh6+ Kg7 53. Rxf6 Kxf6 54. Qh6+ Kf7 55. Qh5+ Kg8 56. Qg6+ Kh8 57. Qf6+ Kg8 58. Qe6+ Kh7 59. Qxe5 Rb7 60. Qh5+ Kg7 61. Qg5+ Kh7 62. Qf5+ Kg7 63. g5 b3 64. Qf6+ Kg8 65. Qg6+ Kh8 66. Qf6+ Kg8 67. Qe6+ Kg7 68. Qe5+ Kg8 69. Qe8+ Kg7 70. Qc6 Rf7 71. Qh6+ Kg8 72. g6 Rb7 73. g7 Rxg7+ 74. Kf2 Rf7+ 75. Ke2 b2 76. Qg6+ Kf8 77. Qd6+ Kg8 78. Qg6+ Kf8 79. Qd6+ Re7 80. Qf6+ Ke8 81. Qc6+ Kf7 82. Qb5 Nc3+ 83. Kd3 Nxb5 0-1


[Site "https://www.chess.com"]

[Event "Titled Tuesday Blitz June 20 Early 2023"]
[White "Sjugirov, Sanan"]
[Black "Soham Kamotra"]
[WhiteFideId "4189302"]
[BlackFideId "46647490"]
[WhiteElo "2569"]
[BlackElo "2209"]
[Result "1-0"]
[Round "3"]
[TimeControl "180+2"]
[Date "2023.06.20"]
[WhiteClock "0:00:25"]
[BlackClock "0:00:00"]
[Board "28"]

1. e4 c6 2. d4 d5 3. e5 Bf5 4. Nf3 e6 5. Be2 Ne7 6. c3 c5 7. dxc5 Nec6 8. b4 Nd7 9. O-O a5 10. Bb5 axb4 11. Bxc6 bxc6 12. cxb4 Qb8 13. a3 Nxe5 14. Nd4 Bxb1 15. Rxb1 Qb7 16. Qh5 Ng6 17. Bb2 Be7 18. f4 Nf8 19. Rfe1 Bf6 20. Nxe6 Nxe6 21. Rxe6+ Kd8 22. Rxf6 1-0


[Site "https://www.chess.com"]

[Event "Titled Tuesday Blitz June 20 Early 2023"]
[White "Kvaloy, Aksel Bu"]
[Black "Baskakov, Egor"]
[WhiteFideId "1528815"]
[BlackFideId "24197866"]
[WhiteElo "2318"]
[BlackElo "2225"]
[Result "0-1"]
[Round "3"]
[TimeControl "180+2"]
[Date "2023.06.20"]
[WhiteClock "0:00:01"]
[BlackClock "0:00:59"]
[Board "29"]

1. e4 c5 2. Nf3 Nf6 3. Nc3 d5 4. exd5 Nxd5 5. Bb5+ Bd7 6. Ne5 e6 7. Nxd7 Nxd7 8. Nxd5 exd5 9. O-O Be7 10. d4 O-O 11. dxc5 Nxc5 12. Be3 Ne6 13. c3 Bf6 14. Qd2 d4 15. cxd4 Bxd4 16. Bc4 Bxe3 17. Qxe3 Re8 18. Rfd1 Qf6 19. Bxe6 Rxe6 20. Qd3 Qxb2 21. Rab1 Qxa2 22. Rxb7 Rae8 23. h4 g6 24. Qf3 Re5 25. Kh2 Rf5 26. Qc6 Rf8 27. f3 a5 28. Ra7 Rf4 29. Kg3 Rxh4 30. Kxh4 Qf2+ 31. Kg5 Qxa7 32. Kf6 Qe3 33. Qd6 Qc3+ 34. Kg5 Qg7 35. Qa6 h6+ 36. Kg4 Qe5 37. Rb1 Qf5+ 38. Kh4 Qxb1 39. Qxa5 Qf5 40. Qe5 Qxe5 0-1


[Site "https://www.chess.com"]

[Event "Titled Tuesday Blitz June 20 Early 2023"]
[White "Henriquez Villagra, Cristobal"]
[Black "Munkhgal, Gombosuren"]
[WhiteFideId "3409350"]
[BlackFideId "4901266"]
[WhiteElo "2542"]
[BlackElo "2528"]
[Result "1-0"]
[Round "3"]
[TimeControl "180+2"]
[Date "2023.06.20"]
[WhiteClock "0:00:52"]
[BlackClock "0:00:47"]
[Board "30"]

1. Nf3 Nf6 2. g3 d5 3. Bg2 e6 4. O-O Be7 5. d3 O-O 6. Nc3 c5 7. Bd2 Nc6 8. e4 d4 9. Nb1 e5 10. Na3 Be6 11. Ng5 Bg4 12. f3 Bd7 13. f4 Ng4 14. Nf3 exf4 15. gxf4 f5 16. Qe1 Be6 17. Qg3 Ne3 18. Bxe3 dxe3 19. Rae1 Qb6 20. b3 Qa5 21. Nc4 Bxc4 22. bxc4 Nd4 23. Rxe3 Nxc2 24. Re2 Nd4 25. Nxd4 cxd4 26. exf5 Bf6 27. Bd5+ Kh8 28. Qg4 Qc3 29. Rf3 Rae8 30. Be6 Bd8 31. Rh3 Rf6 32. Qh5 Qc1+ 33. Kg2 Rexe6 34. Qxh7# 1-0


[Site "https://www.chess.com"]

[Event "Titled Tuesday Blitz June 20 Early 2023"]
[White "Ibarra Jerez, Jose Carlos"]
[Black "Sadykov, Ramil"]
[WhiteFideId "2226332"]
[BlackFideId "24113590"]
[WhiteElo "2631"]
[BlackElo "2245"]
[Result "1-0"]
[Round "3"]
[TimeControl "180+2"]
[Date "2023.06.20"]
[WhiteClock "0:00:27"]
[BlackClock "0:00:00"]
[Board "31"]

1. e4 e5 2. Nf3 Nc6 3. d4 exd4 4. Nxd4 Nf6 5. Nxc6 dxc6 6. Qxd8+ Kxd8 7. Nc3 Bb4 8. Bd2 Be6 9. O-O-O Kc8 10. Bd3 Ng4 11. Rdf1 Ne5 12. Be2 Nc4 13. Be1 f6 14. h4 a5 15. h5 h6 16. Rh4 b5 17. Nd1 Bc5 18. Bg4 Kd7 19. f4 a4 20. Bf2 Bxf2 21. Rxf2 Ke7 22. Bxe6 Kxe6 23. Rg4 Kf7 24. b3 axb3 25. cxb3 Nd6 26. e5 Ne4 27. Rc2 f5 28. Rg6 c5 29. Ne3 b4 30. Nxf5 Nc3 31. e6+ Ke8 32. Rxg7 Rf8 33. Re7+ Kd8 34. Rf7 Re8 35. Rd7+ Kc8 36. Ne7+ Kb7 37. f5 Ra6 38. Nd5 Rc6 39. Nxc3 bxc3 40. Rxc3 Rf8 41. g4 Rg8 42. Rc4 Rd6 43. Rxd6 cxd6 44. f6 Kc6 45. f7 Rf8 46. e7 1-0


[Site "https://www.chess.com"]

[Event "Titled Tuesday Blitz June 20 Early 2023"]
[White "Koshulyan, Egor A."]
[Black "Demidov, Mikhail"]
[WhiteFideId "24237000"]
[BlackFideId "4197143"]
[WhiteElo "2216"]
[BlackElo "2500"]
[Result "1-0"]
[Round "3"]
[TimeControl "180+2"]
[Date "2023.06.20"]
[WhiteClock "0:00:13"]
[BlackClock "0:00:12"]
[Board "32"]

1. e4 Nf6 2. e5 Nd5 3. c4 Nb6 4. c5 Nd5 5. Bc4 c6 6. d4 b6 7. cxb6 axb6 8. Nf3 Ba6 9. Bxa6 Nxa6 10. O-O g6 11. Nc3 Nxc3 12. bxc3 Bg7 13. c4 O-O 14. d5 cxd5 15. cxd5 d6 16. Bb2 Nc7 17. Rc1 Ra5 18. exd6 exd6 19. Bxg7 Kxg7 20. Qd4+ Kg8 21. Qxb6 Nxd5 22. Qd4 Qf6 23. Qd2 Nf4 24. Qxa5 Ne2+ 25. Kh1 Nxc1 26. Rxc1 Re8 27. Qd2 Re4 28. h3 Kg7 29. Kg1 Ra4 30. Rd1 Ra6 31. Qd4 Qxd4 32. Rxd4 Rxa2 33. Rxd6 Ra1+ 34. Kh2 Ra2 35. Kg3 Ra3 36. Rd7 Kf6 37. Rd2 Rb3 38. Kh2 Ra3 39. Nd4 Rc3 40. g3 Ra3 41. Kg2 Rc3 42. Nf3 Ra3 43. Rd6+ Ke7 44. Rb6 Ra5 45. h4 h5 46. Ng5 Ra7 47. Rb3 Kf8 48. Kf3 Kg7 49. Ne4 Rc7 50. Nd6 Rd7 51. Ne4 Rc7 52. Ke3 Re7 53. Kf4 Ra7 54. Nd6 Rd7 55. Ke5 Re7+ 56. Kd5 Re2 57. f4 f5 58. Rb7+ Kg8 59. Nc4 Rg2 60. Rb3 Kg7 61. Ke6 Ra2 62. Rb7+ Kh6 63. Nd6 Ra3 64. Nf7+ Kg7 65. Ng5+ Kg8 66. Kf6 Ra6+ 67. Ne6 Rc6 68. Rg7+ Kh8 69. Rxg6 1-0


[Site "https://www.chess.com"]

[Event "Titled Tuesday Blitz June 20 Early 2023"]
[White "Druska, Juraj"]
[Black "Pap, Gyula"]
[WhiteFideId "14915650"]
[BlackFideId "725323"]
[WhiteElo "2415"]
[BlackElo "2519"]
[Result "0-1"]
[Round "3"]
[TimeControl "180+2"]
[Date "2023.06.20"]
[WhiteClock "0:00:00"]
[BlackClock "0:00:33"]
[Board "33"]

1. c4 e6 2. g3 d5 3. Bg2 Nf6 4. Nf3 Be7 5. O-O O-O 6. d4 Nbd7 7. Qc2 a5 8. Rd1 dxc4 9. Qxc4 b5 10. Qc2 Bb7 11. Nc3 b4 12. Na4 Qc8 13. Bg5 Be4 14. Qb3 Qb7 15. Rac1 Rfd8 16. Ne1 h6 17. Bxe4 Qxe4 18. Bxf6 Bxf6 19. Qf3 Qxf3 20. Nxf3 Nb6 21. Nxb6 cxb6 22. Rc6 Rab8 23. e3 Kf8 24. Nd2 e5 25. Ne4 exd4 26. Nxf6 dxe3 27. Rxd8+ Rxd8 28. fxe3 gxf6 29. b3 Kg7 30. Rxb6 Rd2 31. Ra6 Rxa2 32. e4 h5 33. Kh1 a4 34. bxa4 b3 35. Rb6 b2 0-1


[Site "https://www.chess.com"]

[Event "Titled Tuesday Blitz June 20 Early 2023"]
[White "Ashraf, Artin"]
[Black "Galchenko, Matvey"]
[WhiteFideId "22514805"]
[BlackFideId "24175480"]
[WhiteElo "2224"]
[BlackElo "2423"]
[Result "0-1"]
[Round "3"]
[TimeControl "180+2"]
[Date "2023.06.20"]
[WhiteClock "0:00:00"]
[BlackClock "0:01:01"]
[Board "34"]

1. c4 e6 2. Nf3 d5 3. e3 Nf6 4. Nc3 c5 5. d4 Nc6 6. a3 Be7 7. dxc5 Bxc5 8. b4 Be7 9. Bb2 O-O 10. Qc2 dxc4 11. Bxc4 Qc7 12. Bd3 a6 13. Ne4 Nxe4 14. Bxe4 h6 15. O-O Bd7 16. Rac1 Rac8 17. Ne5 Bf6 18. Nxd7 Qxd7 19. Bxf6 gxf6 20. Rfd1 Qe7 21. Qc5 Qc7 22. g3 Rfd8 23. Rxd8+ Qxd8 24. Qh5 f5 25. Bxc6 Kg7 26. Qf3 Qd6 27. Rd1 Qxc6 28. Qf4 Qe4 29. Qxe4 fxe4 30. Rd7 Rc3 31. Rxb7 Rxa3 32. b5 axb5 33. Rxb5 f5 34. Kg2 Kf6 35. h3 Ra2 36. Rb8 Kg6 37. Re8 Kf7 38. Rg8 Kxg8 0-1


[Site "https://www.chess.com"]

[Event "Titled Tuesday Blitz June 20 Early 2023"]
[White "Bharath Subramaniyam H"]
[Black "Weishaeutel, Moritz"]
[WhiteFideId "46634827"]
[BlackFideId "12967300"]
[WhiteElo "2400"]
[BlackElo "2301"]
[Result "0-1"]
[Round "3"]
[TimeControl "180+2"]
[Date "2023.06.20"]
[WhiteClock "0:00:08"]
[BlackClock "0:00:04"]
[Board "35"]

1. b3 d5 2. Bb2 Bf5 3. d3 e6 4. Nd2 Nf6 5. g3 Be7 6. Bg2 O-O 7. e4 dxe4 8. dxe4 Bg4 9. Ngf3 Nc6 10. O-O Qd7 11. Qe2 e5 12. Rad1 Qe6 13. Nc4 Rad8 14. Ne3 Bxf3 15. Bxf3 Nd4 16. Bxd4 exd4 17. Nf5 Bc5 18. Rfe1 g6 19. Qb5 Qe5 20. b4 gxf5 21. exf5 Qxf5 22. Rd3 Nd7 23. bxc5 Ne5 24. Be4 Qh5 25. Rd2 Nf3+ 26. Bxf3 Qxf3 27. Rd3 Qd5 28. c3 a6 29. Qb4 Rfe8 30. Rxe8+ Rxe8 31. cxd4 Re2 32. Rd1 Qxa2 33. Rf1 Qb2 34. Qa4 Qc2 35. Qd7 Qe4 36. Qxc7 Re1 37. Qb8+ Kg7 38. Qd6 Rxf1+ 39. Kxf1 Qd3+ 40. Kg2 Qe4+ 41. Kf1 Qd3+ 42. Ke1 Qb1+ 43. Ke2 Qe4+ 44. Kd2 Qf3 45. Qe5+ Kg8 46. Qe3 Qd5 47. Kc3 Qa2 48. Qe8+ Kg7 49. Qe5+ Kg8 50. Qg5+ Kf8 51. Qd2 Qa3+ 52. Kc4 Qa4+ 53. Kd5 Qc6+ 54. Ke5 Qe6+ 55. Kf4 Qh6+ 0-1


[Site "https://www.chess.com"]

[Event "Titled Tuesday Blitz June 20 Early 2023"]
[White "Fiorito, Joaquin"]
[Black "Jones, Gawain C B"]
[WhiteFideId "180173"]
[BlackFideId "409561"]
[WhiteElo "2199"]
[BlackElo "2645"]
[Result "0-1"]
[Round "3"]
[TimeControl "180+2"]
[Date "2023.06.20"]
[WhiteClock "0:00:00"]
[BlackClock "0:00:24"]
[Board "36"]

1. d4 d5 2. c4 e6 3. Nc3 a6 4. Nf3 dxc4 5. a4 Nc6 6. g3 Rb8 7. Bg2 b5 8. axb5 axb5 9. O-O Bb4 10. e4 Nf6 11. Qe2 O-O 12. Rd1 Re8 13. h4 h6 14. e5 Nd5 15. Ne4 Bf8 16. g4 Ncb4 17. g5 hxg5 18. Bxg5 Be7 19. Ne1 f5 20. exf6 Nxf6 21. Nc5 Bxc5 22. dxc5 Qe7 23. c6 e5 24. Ra7 Bg4 25. f3 Bf5 26. f4 Nxc6 27. Bxc6 Qc5+ 28. Qf2 Qxc6 29. fxe5 Rxe5 30. Nf3 Ng4 31. Nxe5 Nxe5 32. Qxf5 Qc5+ 33. Kh2 Rf8 34. Qe6+ Kh7 35. Rg1 Nf3+ 36. Kh3 Qxg1 37. Qe4+ Kh8 0-1


[Site "https://www.chess.com"]

[Event "Titled Tuesday Blitz June 20 Early 2023"]
[White "Mortazavi, Ali"]
[Black "Moroni, Luca Jr"]
[WhiteFideId "401323"]
[BlackFideId "865834"]
[WhiteElo "2339"]
[BlackElo "2569"]
[Result "1-0"]
[Round "3"]
[TimeControl "180+2"]
[Date "2023.06.20"]
[WhiteClock "0:00:12"]
[BlackClock "0:00:00"]
[Board "37"]

1. Nf3 g6 2. e4 Bg7 3. d4 d6 4. Nc3 Nf6 5. Be3 O-O 6. Qd2 d5 7. exd5 Nxd5 8. Bh6 Nxc3 9. bxc3 Qd6 10. h4 Nc6 11. Bxg7 Kxg7 12. h5 Bf5 13. hxg6 Bxg6 14. Bd3 Qe6+ 15. Kf1 Rh8 16. Re1 Qf6 17. Rh4 e6 18. Kg1 Rad8 19. Rf4 Qe7 20. Rh4 Qf6 21. Rf4 Qe7 22. Rh4 Kg8 23. g3 Rd5 24. Qh6 Qf6 25. c4 Rd8 26. Rf4 Qg7 27. Qh4 Rf8 28. Kg2 Nb4 29. Ne5 Nxd3 30. cxd3 f6 31. Ng4 Qe7 32. Nxf6+ Rxf6 33. Rxf6 Qd7 34. Rfxe6 Kf8 35. d5 h6 36. Qf6+ Bf7 37. Qxh8+ 1-0


[Site "https://www.chess.com"]

[Event "Titled Tuesday Blitz June 20 Early 2023"]
[White "Becerra, Juan David"]
[Black "Bacrot, Etienne"]
[WhiteFideId "4404998"]
[BlackFideId "605506"]
[WhiteElo "2304"]
[BlackElo "2672"]
[Result "1/2-1/2"]
[Round "3"]
[TimeControl "180+2"]
[Date "2023.06.20"]
[WhiteClock "0:00:07"]
[BlackClock "0:00:13"]
[Board "38"]

1. e4 c5 2. d4 cxd4 3. c3 dxc3 4. Nxc3 Nc6 5. Nf3 e6 6. Bf4 Bb4 7. e5 Nge7 8. Bd3 Ng6 9. Bg3 Qa5 10. O-O Bxc3 11. bxc3 Ngxe5 12. Nxe5 Nxe5 13. Qh5 Nc6 14. Qg4 Qxc3 15. Rad1 h5 16. Qf3 Qf6 17. Qe3 d5 18. Bd6 Qd4 19. Qc1 Qa4 20. Qb2 Qd4 21. Qb1 Qb6 22. Qc1 Qd8 23. Ba3 Bd7 24. Rfe1 Qa5 25. Bd6 O-O-O 26. Qg5 Qc3 27. Bb5 Be8 28. Rc1 Qf6 29. Qxf6 gxf6 30. Be7 Rd7 31. Bxf6 Rg8 32. a4 Rc7 33. Rcd1 Nb8 34. Be5 Rc2 35. Rc1 Rxc1 36. Rxc1+ Nc6 37. Bd4 a6 38. Bxc6 Bxc6 39. a5 Kd7 40. f4 Rg4 41. g3 h4 42. Kf2 hxg3+ 43. hxg3 Rg8 44. Rh1 Bb5 45. Rh8 Rxh8 46. Bxh8 b6 47. axb6 Kc6 48. Bd4 a5 49. Ke3 a4 50. Kd2 a3 51. Kc3 a2 52. Kb2 Bc4 53. g4 f6 54. Bxf6 Kxb6 55. Bd4+ Kc7 56. g5 Kd7 57. g6 Ke7 58. g7 Kf7 59. Be5 Kg8 60. Bd4 Kh7 61. Be5 Kg8 62. Bd4 Kf7 63. Be5 Kg8 1/2-1/2


[Site "https://www.chess.com"]

[Event "Titled Tuesday Blitz June 20 Early 2023"]
[White "Zavgorodniy, Sergiy"]
[Black "Donchenko, Alexander"]
[WhiteFideId "14110148"]
[BlackFideId "24603295"]
[WhiteElo "2402"]
[BlackElo "2554"]
[Result "0-1"]
[Round "3"]
[TimeControl "180+2"]
[Date "2023.06.20"]
[WhiteClock "0:00:00"]
[BlackClock "0:00:49"]
[Board "39"]

1. d4 Nf6 2. c4 e6 3. Nf3 d5 4. e3 Be7 5. Nbd2 O-O 6. Bd3 b6 7. O-O Bb7 8. Qe2 Nbd7 9. e4 dxe4 10. Nxe4 Nxe4 11. Bxe4 Bxe4 12. Qxe4 c5 13. Rd1 Qc8 14. d5 Nf6 15. Qe2 Rd8 16. Bg5 h6 17. Bh4 a6 18. dxe6 Qxe6 19. Qxe6 fxe6 20. a4 g5 21. Bg3 Ne4 22. Be5 Kf7 23. h3 Rxd1+ 24. Rxd1 Rd8 25. Rxd8 Bxd8 26. Kf1 Bf6 27. Ke2 Ke7 28. Ke3 Bxe5 29. Nxe5 Nd6 30. b3 Nf5+ 31. Kd3 a5 32. Nf3 Kf6 33. Ke4 Nd6+ 34. Ke3 e5 35. Nd2 Nf5+ 36. Ke4 Ke6 37. Nf3 Nd6+ 38. Ke3 Nf5+ 39. Ke4 Nd4 40. Nxe5 Nxb3 41. Nf3 Nc1 42. h4 gxh4 43. Nxh4 Ne2 44. Kd3 Nf4+ 45. Ke4 Ne2 46. Kd3 Nd4 47. Ng6 Kd6 48. Nf4 Nc6 49. Nd5 Nb4+ 50. Nxb4 cxb4 51. Kd4 h5 52. Ke4 Kc5 53. Kd3 h4 54. Kd2 Kxc4 0-1


[Site "https://www.chess.com"]

[Event "Titled Tuesday Blitz June 20 Early 2023"]
[White "Ovchinnikov, Vsevolod"]
[Black "Chigaev, Maksim"]
[WhiteFideId "24176842"]
[BlackFideId "4108116"]
[WhiteElo "2376"]
[BlackElo "2561"]
[Result "1/2-1/2"]
[Round "3"]
[TimeControl "180+2"]
[Date "2023.06.20"]
[WhiteClock "0:00:11"]
[BlackClock "0:00:08"]
[Board "40"]

1. Nf3 Nf6 2. c4 g6 3. Nc3 Bg7 4. g3 O-O 5. Bg2 c5 6. O-O Nc6 7. d3 d6 8. a3 Qd7 9. Rb1 b6 10. b4 Bb7 11. Qa4 Rfd8 12. Re1 Ng4 13. Bb2 Nge5 14. Nxe5 Bxe5 15. Ne4 Bxb2 16. Rxb2 Rab8 17. Nc3 Ra8 18. Ne4 Ne5 19. Qxd7 Nxd7 20. Nf6+ Nxf6 21. Bxb7 Rab8 22. Bf3 Rbc8 23. Reb1 d5 24. Rc2 dxc4 25. Rxc4 Nd7 26. Bb7 Rc7 27. Bg2 Kg7 28. Rbc1 e6 29. f4 h5 30. h3 Rdc8 31. Kf2 Kf6 32. Ke3 Ke7 33. Bf3 Kd8 34. b5 Ke7 35. g4 hxg4 36. hxg4 e5 37. g5 Rh8 38. Bg4 exf4+ 39. Kxf4 Kd6 40. d4 Re8 41. e4 Rd8 42. e5+ Ke7 43. d5 Kf8 44. d6 Rb7 45. Rh1 Kg7 46. Rc3 Nf8 47. Bf3 Rbb8 48. Bd5 Re8 49. Rch3 c4 50. Bxc4 Rbc8 51. Bb3 Rc5 52. Re3 Rd8 53. Rf1 Rxb5 54. Kg4 Rd7 55. a4 Rb4+ 56. Rf4 Rxf4+ 57. Kxf4 Rd8 58. Ke4 Nd7 59. Rf3 Nc5+ 60. Kd5 Rh8 61. Kc6 Rc8+ 62. Kb5 Rf8 63. Bd5 Nd7 64. Re3 Re8 65. e6 fxe6 66. Rxe6 Rxe6 67. Bxe6 Nc5 68. Bg4 Kf7 69. a5 Ne4 70. d7 Ke7 71. axb6 axb6 72. Kxb6 Nxg5 73. Kc7 Nf7 74. Kc6 Ne5+ 75. Kc7 Nxd7 76. Bxd7 Kf6 77. Kd6 g5 78. Kd5 g4 79. Bxg4 1/2-1/2


[Site "https://www.chess.com"]

[Event "Titled Tuesday Blitz June 20 Early 2023"]
[White "Pinheiro, Iung Alicio de O."]
[Black "Ilamparthi A R"]
[WhiteFideId "2104350"]
[BlackFideId "45015775"]
[WhiteElo "2283"]
[BlackElo "2348"]
[Result "1-0"]
[Round "3"]
[TimeControl "180+2"]
[Date "2023.06.20"]
[WhiteClock "0:00:07"]
[BlackClock "0:00:08"]
[Board "41"]

1. e4 c5 2. Nf3 d6 3. Nc3 g6 4. d4 cxd4 5. Nxd4 Nf6 6. Be2 Bg7 7. O-O O-O 8. Re1 Nc6 9. Nb3 Be6 10. Bg5 Rc8 11. Bf1 a6 12. Nd5 Bxd5 13. exd5 Ne5 14. Qd2 Nc4 15. Bxc4 Rxc4 16. Qd3 Rc7 17. Re2 h6 18. Bh4 Qd7 19. Rae1 Qa4 20. Bg3 Qxa2 21. Ra1 Qxb2 22. c4 Qxa1+ 23. Nxa1 b5 24. h3 bxc4 25. Qd1 Rb8 26. Nc2 Rb5 27. Ne3 Ne4 28. Qc2 Nc3 29. Re1 a5 30. Kh2 a4 31. Ra1 Rb3 32. Bf4 g5 33. Bg3 Ne2 34. Rxa4 Nxg3 35. Kxg3 Be5+ 36. Kf3 Rb2 37. Qf5 c3 38. Ra8+ Kg7 39. h4 c2 40. hxg5 c1=Q 41. gxh6+ Kxh6 42. Qh3+ Kg6 43. Qg4+ Kf6 44. Qf5+ Kg7 45. Qg5+ Kh7 46. Qh5+ Kg7 47. Qh8+ Kg6 48. Rg8+ Bg7 49. Qxg7+ Kh5 50. Qg5# 1-0


[Site "https://www.chess.com"]

[Event "Titled Tuesday Blitz June 20 Early 2023"]
[White "Kravtsiv, Martyn"]
[Black "Demin, Vladimir"]
[WhiteFideId "14113147"]
[BlackFideId "4167457"]
[WhiteElo "2695"]
[BlackElo "2571"]
[Result "1-0"]
[Round "3"]
[TimeControl "180+2"]
[Date "2023.06.20"]
[WhiteClock "0:02:02"]
[BlackClock "0:00:39"]
[Board "42"]

1. e4 e5 2. Nf3 Nc6 3. Nc3 Nf6 4. a4 d5 5. exd5 Nxd5 6. Bb5 Nxc3 7. bxc3 Bd6 8. O-O O-O 9. d4 exd4 10. cxd4 h6 11. c3 Qf6 12. a5 Ne7 13. Bd3 Rb8 14. Nd2 Bf5 15. Ne4 Bxe4 16. Bxe4 Bxh2+ 17. Kxh2 Qh4+ 18. Kg1 Qxe4 19. Re1 Qh4 20. Ba3 Rfe8 21. Qf3 b6 22. Re4 Qg5 23. Rae1 c5 24. dxc5 bxc5 25. Re5 Qh4 26. Bxc5 Rb5 27. Rxe7 Rxe7 28. Bxe7 1-0


[Site "https://www.chess.com"]